 Dungeon Crawl Stone Soup version 0.26-b1-32-g5d43845318 (webtiles) character file.

Game seed: 17294084118356574090

130 Borgoz the Ducker (level 5, -2/45 HPs)
             Began as a Ghoul Gladiator on Jan 13, 2021.
             Slain by Natasha (6 damage)
             ... on level 3 of the Dungeon.
             The game lasted 00:02:36 (3097 turns).

Borgoz the Ducker (Ghoul Gladiator)                 Turns: 3097, Time: 00:02:37

Health: -2/45      AC:  4    Str: 18    XL:     5   Next: 14%
Magic:  4/4        EV: 13    Int:  3    God:
Gold:   184        SH:  0    Dex: 11    Spells: 4/4 levels left

rFire    . . .     SeeInvis .   a - +0 long sword
rCold    + . .     Faith    .   (no shield)
rNeg     + + +     Spirit   .   b - +0 leather armour
rPois    ∞         Reflect  .   c - +0 helmet
rElec    .         Harm     .   (no cloak)
rCorr    .         Rampage  .   (no gloves)
Will     .....                  (no boots)
Stlth    +.........             (no amulet)
HPRegen  0.00/turn              (no ring)
MPRegen  0.09/turn              (no ring)

@: slowed, very slow
A: claws 1, cold resistance 1, negative energy resistance 3, inhibited
regeneration, torment resistance, unbreathing
a: no special abilities


You were on level 3 of the Dungeon.
You visited 1 branch of the dungeon, and saw 3 of its levels.

You collected 184 gold pieces.

Inventory:

Hand Weapons
 a - a +0 long sword (weapon)
Missiles
 d - a throwing net (quivered)
Armour
 b - a +0 leather armour (worn)
 c - a +0 helmet (worn)
Jewellery
 f - an uncursed ring of fire
Scrolls
 e - 3 scrolls of remove curse
 h - a scroll of immolation {unknown}
 i - a scroll of amnesia {unknown}
 k - a scroll of identify
Potions
 j - a potion of flight


   Skills:
 * Level 3.4 Fighting
 * Level 3.4 Long Blades
 - Level 1.7 Throwing
 * Level 1.8 Armour
 * Level 3.4 Dodging


You had 4 spell levels left.
You didn't know any spells.
Your spell library was empty.

Dungeon Overview and Level Annotations

Branches:
Dungeon (3/15)

Altars:
Qazlal

Annotations:
D:3 Natasha


Innate Abilities, Weirdness & Mutations

You thrive by killing the living.
You are immune to poison.
You have sharp fingernails.
Your flesh is cold resistant. (rC+)
You are immune to negative energy. (rN+++)
You do not regenerate when monsters are visible.
You are immune to unholy pain and torment.
You can survive without breathing.


Message History

Aim: Natasha, carrying a wand of polymorph (9) (heavily wounded)
You throw a throwing net. The throwing net barely misses Natasha.
The white imp disappears in a puff of smoke!
Natasha casts a spell at you.
You feel as though you will be slow longer.
You barely miss Natasha.
Natasha is heavily wounded.
Natasha claws you.
* * * LOW HITPOINT WARNING * * *
Natasha casts a spell.
You closely miss Natasha.
Natasha is heavily wounded.
Natasha closely misses you. Natasha misses you.
You riposte.
You barely miss Natasha.
Natasha is heavily wounded.
You barely miss Natasha.
Natasha is heavily wounded.
Natasha stares at you and mumbles some strange words.
You resist with some effort. Natasha claws you.
You die...

.........#.#########'#####.....(.
..######.#)# ###'#####.(..... ..
#.))# #......##....... .
##..##### #.....)##.......
#......# #.....†##.######
#..###.# #......##.######
#..#.#(###......##.##...#
#..#..5h.#.........##+#'#
##>#.#.#@###+#+###).<....
###.#.#.....#...##...... #
..####### #.#....... .###
#......... #. ####.####'# #
#.......#.# #.##.##.#.#
#.##....#.# #.#######.#


You could see an iron imp (summoned) and Natasha.

Vanquished Creatures
  5 adders
  A worm (D:2)
  3 dart slugs
  A leopard gecko (D:3)
  4 orcs (D:3)
  5 giant cockroaches
  11 goblins
  6 hobgoblins
  3 jackals (D:1)
  8 kobolds
  4 quokkas
  4 ball pythons
  5 bats
  4 frilled lizards
  8 rats
72 creatures vanquished.

Notes
Turn   | Place    | Note
-------+----------+-------------------------------------------
     0 | D:1      | Borgoz the Ghoul Gladiator began the quest for the Orb.
     0 | D:1      | Reached XP level 1. HP: 17/17 MP: 0/0
   167 | D:1      | Reached XP level 2. HP: 19/25 MP: 1/1
   659 | D:1      | Reached XP level 3. HP: 28/30 MP: 2/2
   739 | D:1      | Reached skill level 1 in Armour
  1641 | D:2      | Found a stormy altar of Qazlal.
  1664 | D:2      | Reached XP level 4. HP: 22/38 MP: 3/3
  2672 | D:3      | Reached XP level 5. HP: 11/45 MP: 4/4
  3077 | D:3      | Noticed Natasha
  3097 | D:3      | Slain by Natasha

Illustrated notes

Levels and vault maps discovered:
D:1:      wander_arrival_chamber, layout_loops_corners,
          chequers_serial_rivers_small_a
D:2:      layout_loops_ring, grunt_qazlal_clouds, minmay_misc_feat_cross
D:3:      layout_basic, uniq_natasha

Skill      XL: |  1  2  3 |
---------------+----------+-----
Long Blades    | 3 |  3.4
Dodging        | 3 |  3.4
Armour         | 1 |  1.8
Fighting       | 3 |  3.4
Throwing       | |  1.7

Action                   |  1- 3 |  4- 6 || total
-------------------------+-------+-------++-------
Melee: Long sword        |   135 |   106 ||   241
Throw: Throwing net      |       |     2 ||     2
  Use: Scroll            |     3 |     2 ||     5
       Potion            |       |     3 ||     3
Armor: Leather armour    |    44 |    34 ||    78
Dodge: Dodged            |   115 |    89 ||   204
       Rpst.: Long sword |    33 |    21 ||    54
